[Event "29. Klatovy C 2023"]
[Site "Klatovy"]
[Date "2023.07.02"]
[Round "2.1"]
[White "Petras, Milan"]
[Black "Pribyl, Josef"]
[Result "1/2-1/2"]
[ECO "B07"]
[WhiteElo "1866"]
[BlackElo "2230"]
[PlyCount "65"]
[EventDate "2023.07.01"]
[EventType "swiss"]
[EventRounds "9"]
[EventCountry "CZE"]
[TimeControl "120+30"]

1. e4 Nf6 2. Nc3 d6 3. d4 c6 4. f4 Qa5 5. Bd3 e5 6. Nf3 Bg4 7. Be3 Nbd7 8. Qd2 Bxf3 9. gxf3 Be7 10. O-O-O Nh5 11. Kb1 exf4 12. Bxf4 Nxf4 13. Qxf4 Qg5 14. Ne2 Qxf4 15. Nxf4 Bg5 16. Ng2 O-O 17. f4 Bh6 18. Rhf1 g6 19. Ne3 Rad8 20. c3 Nf6 21. Rf3 Rfe8 22. e5 dxe5 23. fxe5 Nd5 24. Ng4 Bg7 25. Bc4 h5 26. Ne3 Re7 27. Nxd5 cxd5 28. Bd3 Rc8 29. Rdf1 a6 30. a4 Rc6 31. Bc2 Rcc7 32. Bb3 Rcd7 33. Kc2 1/2-1/2

[Event "29. Klatovy C 2023"]
[Site "Klatovy"]
[Date "2023.07.02"]
[Round "2.2"]
[White "Cecil, Pavel"]
[Black "Korsa, Jindrich"]
[Result "1/2-1/2"]
[ECO "D30"]
[WhiteElo "1845"]
[BlackElo "1997"]
[PlyCount "65"]
[EventDate "2023.07.01"]
[EventType "swiss"]
[EventRounds "9"]
[EventCountry "CZE"]
[TimeControl "120+30"]

1. Nf3 d5 2. d4 Nf6 3. e3 e6 4. c4 c6 5. Nbd2 Bd6 6. Bd3 Nbd7 7. O-O O-O 8. b3 e5 9. cxd5 cxd5 10. dxe5 Nxe5 11. Nxe5 Bxe5 12. Ba3 Bxa1 13. Bxf8 Be5 14. Bb4 Bg4 15. Qb1 Qb6 16. Be7 g6 17. Rc1 Qe6 18. Ba3 Re8 19. Bb2 Bb8 20. Bd4 Qd6 21. Nf1 Bd7 22. Qb2 Ng4 23. h3 Ne5 24. Be2 Nc6 25. Bc5 Qe6 26. Bg4 f5 27. Be2 b6 28. Ba3 Ne5 29. Qd2 Rd8 30. Bb2 Nc6 31. Bf3 Be8 32. Rd1 Bf7 33. Rc1 1/2-1/2

[Event "29. Klatovy C 2023"]
[Site "Klatovy"]
[Date "2023.07.02"]
[Round "2.3"]
[White "Chalus, Karel"]
[Black "Sibl, Vaclav"]
[Result "1-0"]
[ECO "C41"]
[WhiteElo "1975"]
[BlackElo "1840"]
[PlyCount "79"]
[EventDate "2023.07.01"]
[EventType "swiss"]
[EventRounds "9"]
[EventCountry "CZE"]
[TimeControl "120+30"]

1. e4 d6 2. d4 Nf6 3. Nc3 e5 4. Nf3 Nbd7 5. Bc4 Be7 6. O-O c6 7. a4 h6 8. Qe2 Qc7 9. a5 g5 10. d5 Nf8 11. a6 b5 12. Bb3 b4 13. Ba4 Bd7 14. dxc6 Bxc6 15. Nd5 Nxd5 16. exd5 Bxa4 17. Rxa4 Rb8 18. Qe4 Nd7 19. Rxb4 Rxb4 20. Qxb4 O-O 21. h4 Rb8 22. Qd2 f6 23. Qd3 Kg7 24. h5 Nf8 25. b3 Qd7 26. Be3 f5 27. c4 e4 28. Qc3+ Bf6 29. Bd4 Nh7 30. Bxf6+ Nxf6 31. Nd4 Kf7 32. f3 exf3 33. Qxf3 f4 34. Qd3 Nxh5 35. Qh7+ Ng7 36. Ne6 Rg8 37. g3 Qe7 38. Nxf4 Qe3+ 39. Kh2 Qd2+ 40. Ng2+ 1-0

[Event "29. Klatovy C 2023"]
[Site "Klatovy"]
[Date "2023.07.02"]
[Round "2.4"]
[White "Ondrejat, Miroslav"]
[Black "Turner, Radek"]
[Result "1/2-1/2"]
[ECO "A68"]
[WhiteElo "1834"]
[BlackElo "1991"]
[PlyCount "20"]
[EventDate "2023.07.01"]
[EventType "swiss"]
[EventRounds "9"]
[EventCountry "CZE"]
[TimeControl "120+30"]

1. c4 Nf6 2. Nc3 g6 3. d4 Bg7 4. e4 d6 5. f4 c5 6. d5 O-O 7. Nf3 e6 8. Bd3 exd5 9. cxd5 a6 10. a4 Bg4 1/2-1/2

[Event "29. Klatovy C 2023"]
[Site "Klatovy"]
[Date "2023.07.02"]
[Round "2.5"]
[White "Baumruk, Josef"]
[Black "Zednik, Zdenek"]
[Result "1/2-1/2"]
[ECO "B20"]
[WhiteElo "1947"]
[BlackElo "1836"]
[PlyCount "111"]
[EventDate "2023.07.01"]
[EventType "swiss"]
[EventRounds "9"]
[EventCountry "CZE"]
[TimeControl "120+30"]

1. e4 c5 2. g3 Nc6 3. Bg2 Nf6 4. Ne2 g6 5. O-O Bg7 6. c3 d5 7. d3 d4 8. cxd4 cxd4 9. h3 O-O 10. b3 e5 11. Kh2 b6 12. Ba3 Re8 13. b4 Bb7 14. Nd2 Rc8 15. b5 Na5 16. Bb4 a6 17. a4 Nd7 18. Bxa5 bxa5 19. Nc4 Bf8 20. f4 Bb4 21. Rb1 exf4 22. Rxf4 Ne5 23. Nxe5 Rxe5 24. Qb3 Rc7 25. Rc1 Ree7 26. Rxc7 Rxc7 27. bxa6 Bxa6 28. e5 Qe8 29. Rxd4 Qxe5 30. Re4 Qf6 31. Nf4 Rc3 32. Qb2 Rc6 33. Re8+ Kg7 34. Qe2 Rc8 35. Rxc8 Bxc8 36. Nd5 Qd4 37. Qc2 Bc5 38. Qc3 Bd7 39. Qxd4+ Bxd4 40. Nf4 Bxa4 41. Bd5 Bc2 42. Kg2 a4 43. Kf3 Bb3 44. Ke4 Bc5 45. d4 Bb4 46. Bxb3 axb3 47. Kd3 f5 48. Nd5 Ba5 49. Nc3 g5 50. Na4 Bc7 51. g4 f4 52. Nc5 f3 53. Nxb3 Bf4 54. Nd2 f2 55. Nf1 Kf6 56. Ke2 1/2-1/2

[Event "29. Klatovy C 2023"]
[Site "Klatovy"]
[Date "2023.07.02"]
[Round "2.6"]
[White "Hlavac, Rudolf"]
[Black "Richter, Martin1"]
[Result "1-0"]
[ECO "C03"]
[WhiteElo "1845"]
[BlackElo "1946"]
[PlyCount "87"]
[EventDate "2023.07.01"]
[EventType "swiss"]
[EventRounds "9"]
[EventCountry "CZE"]
[TimeControl "120+30"]

1. e4 e6 2. d4 d5 3. Nd2 a6 4. exd5 exd5 5. Bd3 Nf6 6. Ngf3 Bg4 7. O-O Be7 8. Re1 O-O 9. c3 c5 10. dxc5 Bxc5 11. Nb3 Ba7 12. Be3 Nc6 13. Bxa7 Rxa7 14. h3 Bh5 15. Re3 Re8 16. Qd2 Ne4 17. Qc2 f5 18. Nbd4 Bg6 19. a3 Qf6 20. Qb3 Bf7 21. Qb6 Raa8 22. Rc1 Re7 23. Ree1 Rae8 24. Nxc6 bxc6 25. Nd4 c5 26. Qxf6 Nxf6 27. Rxe7 Rxe7 28. Nxf5 Rb7 29. b4 c4 30. Bc2 Ne8 31. Re1 Kf8 32. Ba4 Rc7 33. Bxe8 Bxe8 34. Re5 Bc6 35. Nd4 Kf7 36. Nxc6 Rxc6 37. Rxd5 Ke6 38. Rd4 g6 39. f4 Rc7 40. Kf2 a5 41. g4 axb4 42. axb4 Rc8 43. Ke3 Kf6 44. Rd5 1-0

[Event "29. Klatovy C 2023"]
[Site "Klatovy"]
[Date "2023.07.02"]
[Round "2.7"]
[White "Kucera, Jiri"]
[Black "Skopec, Lubos"]
[Result "0-1"]
[ECO "A07"]
[WhiteElo "1920"]
[BlackElo "1824"]
[PlyCount "110"]
[EventDate "2023.07.01"]
[EventType "swiss"]
[EventRounds "9"]
[EventCountry "CZE"]
[TimeControl "120+30"]

1. Nf3 Nf6 2. g3 d5 3. Bg2 e6 4. O-O Be7 5. d3 O-O 6. Nbd2 Nbd7 7. e4 c6 8. e5 Ne8 9. Re1 b6 10. Nf1 Bb7 11. h4 c5 12. Bf4 Rc8 13. c4 Nc7 14. Qe2 Re8 15. Ne3 f5 16. cxd5 Nxd5 17. Nxd5 Bxd5 18. Ng5 Nf8 19. Bxd5 Qxd5 20. h5 Bxg5 21. Bxg5 Nd7 22. b3 Qd4 23. Rac1 Nb8 24. Rc4 Qd7 25. g4 Rf8 26. gxf5 Rxf5 27. Rg4 Kh8 28. h6 g6 29. Bf6+ Kg8 30. Qe4 Kf7 31. Rg5 Nc6 32. Rxf5 gxf5 33. Qh4 Rg8+ 34. Kh2 Rg6 35. Rg1 Rxg1 36. Kxg1 Ne7 37. Bg7 Nd5 38. Qh5+ Kg8 39. Qg5 Qe8 40. a3 Qg6 41. Bf6 Nf4 42. Kf1 Qxg5 43. Bxg5 Nxd3 44. Ke2 Nxe5 45. Bf4 Nd7 46. Kd3 e5 47. Bg5 b5 48. a4 a6 49. Be7 Kf7 50. Bg5 Ke6 51. axb5 axb5 52. Be3 f4 53. Bd2 Kd5 54. f3 Nf6 55. Bc3 Ng8 0-1

[Event "29. Klatovy C 2023"]
[Site "Klatovy"]
[Date "2023.07.03"]
[Round "3.1"]
[White "Novotny, Jaroslav2"]
[Black "Chalus, Karel"]
[Result "1/2-1/2"]
[ECO "B00"]
[WhiteElo "1890"]
[BlackElo "1975"]
[PlyCount "20"]
[EventDate "2023.07.01"]
[EventType "swiss"]
[EventRounds "9"]
[EventCountry "CZE"]
[TimeControl "120+30"]

1. e4 b6 2. d4 Bb7 3. Bd3 e6 4. Nf3 Nf6 5. Qe2 d5 6. e5 Nfd7 7. O-O c5 8. c3 Nc6 9. a3 c4 10. Bc2 Be7 1/2-1/2

[Event "29. Klatovy C 2023"]
[Site "Klatovy"]
[Date "2023.07.03"]
[Round "3.2"]
[White "Skopec, Lubos"]
[Black "Sedlak, Ludek"]
[Result "1/2-1/2"]
[ECO "B22"]
[WhiteElo "1824"]
[BlackElo "1885"]
[PlyCount "34"]
[EventDate "2023.07.01"]
[EventType "swiss"]
[EventRounds "9"]
[EventCountry "CZE"]
[TimeControl "120+30"]

1. e4 c5 2. c3 d5 3. exd5 Qxd5 4. d4 Nf6 5. Nf3 e6 6. Be2 Nc6 7. O-O cxd4 8. cxd4 Be7 9. Nc3 Qd6 10. Bg5 O-O 11. Qd2 Nd5 12. Bxe7 Ncxe7 13. Rfd1 Nc6 14. Bc4 Rd8 15. Rac1 Bd7 16. h3 Rac8 17. Nxd5 exd5 1/2-1/2

[Event "29. Klatovy C 2023"]
[Site "Klatovy"]
[Date "2023.07.03"]
[Round "3.3"]
[White "Pribyl, Josef"]
[Black "Hlavac, Rudolf"]
[Result "1-0"]
[ECO "D77"]
[WhiteElo "2230"]
[BlackElo "1845"]
[PlyCount "45"]
[EventDate "2023.07.01"]
[EventType "swiss"]
[EventRounds "9"]
[EventCountry "CZE"]
[TimeControl "120+30"]

1. d4 d5 2. Nf3 Nf6 3. g3 g6 4. Bg2 Bg7 5. O-O O-O 6. c4 dxc4 7. Na3 c5 8. dxc5 Ne4 9. Nxc4 Nxc5 10. Be3 Nbd7 11. Rc1 a6 12. b4 Ne6 13. Qb3 b5 14. Na5 Qe8 15. Ng5 Nxg5 16. Bxa8 Nh3+ 17. Kg2 Nf6 18. Bc6 Qd8 19. Rfd1 Qc7 20. Bf3 Qb8 21. Nc6 Qc7 22. Na7 Qb8 23. Nxc8 1-0

[Event "29. Klatovy C 2023"]
[Site "Klatovy"]
[Date "2023.07.03"]
[Round "3.4"]
[White "Korsa, Jindrich"]
[Black "Petras, Milan"]
[Result "1/2-1/2"]
[ECO "C01"]
[WhiteElo "1997"]
[BlackElo "1866"]
[PlyCount "69"]
[EventDate "2023.07.01"]
[EventType "swiss"]
[EventRounds "9"]
[EventCountry "CZE"]
[TimeControl "120+30"]

1. e4 e6 2. d4 d5 3. exd5 exd5 4. Nf3 Bd6 5. Bd3 Ne7 6. O-O O-O 7. Nbd2 Bf5 8. Bxf5 Nxf5 9. c4 c6 10. Qb3 b6 11. Rd1 Bc7 12. Nf1 dxc4 13. Qxc4 Qd5 14. Qxd5 cxd5 15. g4 Ne7 16. Bd2 Nbc6 17. Ne3 Rac8 18. Rac1 Bf4 19. Rc3 Bxe3 20. fxe3 f5 21. g5 Kf7 22. Rdc1 Ke6 23. Kf2 Kd7 24. h4 g6 25. b4 a6 26. a4 Ke6 27. Kg3 Na7 28. Rc7 Nac6 29. Rb7 Rb8 30. Rxb8 Rxb8 31. Ne1 Nd8 32. Nd3 Nb7 33. Ne5 Nd6 34. Kf4 Rc8 35. Rxc8 1/2-1/2

[Event "29. Klatovy C 2023"]
[Site "Klatovy"]
[Date "2023.07.03"]
[Round "3.5"]
[White "Turner, Radek"]
[Black "Cecil, Pavel"]
[Result "1-0"]
[ECO "A14"]
[WhiteElo "1991"]
[BlackElo "1845"]
[PlyCount "89"]
[EventDate "2023.07.01"]
[EventType "swiss"]
[EventRounds "9"]
[EventCountry "CZE"]
[TimeControl "120+30"]

1. c4 e6 2. g3 Nf6 3. Bg2 d5 4. Nf3 Be7 5. O-O O-O 6. b3 b6 7. Bb2 Bb7 8. e3 Nbd7 9. Qe2 Re8 10. d3 c6 11. Nbd2 Qc7 12. Rfc1 a5 13. a4 Rad8 14. cxd5 exd5 15. d4 Bb4 16. Bc3 Qd6 17. Bxb4 axb4 18. Bh3 Ra8 19. Qd1 c5 20. Rc2 Ba6 21. Bf1 Bb7 22. Bb5 Rec8 23. Rac1 cxd4 24. Rxc8+ Rxc8 25. Rxc8+ Bxc8 26. Bxd7 Bxd7 27. Nxd4 Bh3 28. f3 h5 29. Qc2 Qc5 30. Kf2 Kf8 31. Ke2 Bc8 32. Nb1 g6 33. Kd1 Bf5 34. Nxf5 gxf5 35. Qxf5 Qc6 36. Nd2 Qc3 37. Qf4 Nd7 38. Qd6+ Ke8 39. Qxd5 Qa1+ 40. Ke2 Qg1 41. Qxh5 Qg2+ 42. Kd3 Nc5+ 43. Kc2 Qg1 44. Qe5+ Kd7 45. a5 1-0

[Event "29. Klatovy C 2023"]
[Site "Klatovy"]
[Date "2023.07.03"]
[Round "3.6"]
[White "Burgermeister, Michal"]
[Black "Baumruk, Josef"]
[Result "0-1"]
[ECO "C02"]
[WhiteElo "1748"]
[BlackElo "1947"]
[PlyCount "143"]
[EventDate "2023.07.01"]
[EventType "swiss"]
[EventRounds "9"]
[EventCountry "CZE"]
[TimeControl "120+30"]

1. e4 e6 2. d4 d5 3. e5 c5 4. Nc3 a6 5. Nf3 Nc6 6. dxc5 Bxc5 7. Bd3 Nge7 8. O-O Ng6 9. Re1 Qc7 10. Qe2 Nd4 11. Nxd4 Bxd4 12. Bxg6 hxg6 13. Bd2 Bd7 14. a4 Rh5 15. g3 Rxe5 16. Qg4 Qc4 17. Qh3 Rh5 18. Qf1 Qxf1+ 19. Rxf1 Bc6 20. Nd1 Kd7 21. c3 Bf6 22. f4 Rah8 23. Rf2 d4 24. cxd4 Bxd4 25. Be3 Bxe3 26. Nxe3 Ke7 27. Nc4 Rh3 28. Ra3 Rd8 29. Rd2 Rhh8 30. Rxd8 Rxd8 31. Kf2 Rd4 32. Ne5 Rd2+ 33. Ke3 Rxb2 34. Rc3 a5 35. Nxc6+ bxc6 36. Rxc6 Rb4 37. Rc7+ Kf6 38. h4 Rxa4 39. g4 e5 40. fxe5+ Kxe5 41. Rc5+ Ke6 42. Kf3 f5 43. Rc6+ Ke5 44. Rxg6 Rxg4 45. Ra6 a4 46. Ra5+ Kf6 47. Ra6+ Kf7 48. h5 Rh4 49. Kg3 Rxh5 50. Rxa4 Kf6 51. Ra6+ Kg5 52. Ra7 g6 53. Ra5 Rh1 54. Rb5 Ra1 55. Rb3 Ra4 56. Rc3 Rh4 57. Rc5 Re4 58. Kf3 Rb4 59. Rc3 Rh4 60. Rc5 Rh3+ 61. Kg2 Rd3 62. Rc4 f4 63. Rc6 Kf5 64. Rc5+ Kg4 65. Rc2 g5 66. Ra2 Re3 67. Ra4 Re2+ 68. Kf1 Rb2 69. Ra3 f3 70. Ra4+ Kg3 71. Ra1 Rh2 72. Ke1 0-1

[Event "29. Klatovy C 2023"]
[Site "Klatovy"]
[Date "2023.07.03"]
[Round "3.7"]
[White "Plasek, Zdenek"]
[Black "Ondrejat, Miroslav"]
[Result "1-0"]
[ECO "E68"]
[WhiteElo "1914"]
[BlackElo "1834"]
[PlyCount "55"]
[EventDate "2023.07.01"]
[EventType "swiss"]
[EventRounds "9"]
[EventCountry "CZE"]
[TimeControl "120+30"]

1. Nf3 Nf6 2. g3 g6 3. Bg2 Bg7 4. O-O O-O 5. d4 d6 6. c4 Nbd7 7. Nc3 e5 8. e4 a5 9. h3 exd4 10. Nxd4 Nc5 11. Re1 Re8 12. Nc2 Be6 13. b3 Qd7 14. h4 Ng4 15. Nd4 Ne5 16. Be3 Bg4 17. f3 Bh3 18. Kh2 Bxg2 19. Kxg2 c6 20. Nde2 Qe7 21. Qc2 Nxf3 22. Kxf3 Nxe4 23. Qxe4 Qd7 24. Qd3 h5 25. Kg2 Qg4 26. Rad1 Re7 27. Bd2 Rae8 28. Nf4 1-0

[Event "29. Klatovy C 2023"]
[Site "Klatovy"]
[Date "2023.07.03"]
[Round "3.8"]
[White "Zednik, Zdenek"]
[Black "Danko, Jiri"]
[Result "1/2-1/2"]
[ECO "A13"]
[WhiteElo "1836"]
[BlackElo "1873"]
[PlyCount "45"]
[EventDate "2023.07.01"]
[EventType "swiss"]
[EventRounds "9"]
[EventCountry "CZE"]
[TimeControl "120+30"]

1. Nf3 Nf6 2. c4 e6 3. b3 d5 4. Bb2 Be7 5. e3 O-O 6. Be2 b6 7. cxd5 exd5 8. O-O Bb7 9. d3 Nbd7 10. Nbd2 c5 11. Rc1 Rc8 12. d4 Re8 13. Rc2 Bd6 14. Qa1 Qe7 15. Rfc1 a6 16. Nf1 h6 17. Ng3 Qe6 18. dxc5 bxc5 19. Bd3 g6 20. Re1 Ne4 21. Nxe4 dxe4 22. Bc4 Qg4 23. h3 1/2-1/2

[Event "29. Klatovy C 2023"]
[Site "Klatovy"]
[Date "2023.07.04"]
[Round "4.1"]
[White "Sedlak, Ludek"]
[Black "Pribyl, Josef"]
[Result "1/2-1/2"]
[ECO "C41"]
[WhiteElo "1885"]
[BlackElo "2230"]
[PlyCount "142"]
[EventDate "2023.07.01"]
[EventType "swiss"]
[EventRounds "9"]
[EventCountry "CZE"]
[TimeControl "120+30"]

1. e4 Nf6 2. Nc3 d6 3. d4 e5 4. Nf3 Nbd7 5. Bc4 Be7 6. dxe5 dxe5 7. Ng5 O-O 8. Bxf7+ Rxf7 9. Ne6 Qe8 10. Nxc7 Qd8 11. Nxa8 b6 12. Nd5 Bc5 13. Be3 Bxe3 14. Nxe3 Ba6 15. c4 Qxa8 16. Qc2 Qxe4 17. Qxe4 Nxe4 18. f3 Nec5 19. O-O-O Bb7 20. b4 Ne6 21. Nd5 Nd4 22. Nc3 a6 23. Rhe1 Kf8 24. Ne4 Re7 25. Kb2 Re6 26. f4 Bxe4 27. Rxe4 Ke7 28. Kc3 Nc6 29. fxe5 Ncxe5 30. Rde1 Kf7 31. R1e2 h5 32. g3 g5 33. h3 Kf6 34. Rf2+ Kg6 35. Rfe2 Kf5 36. g4+ Kg6 37. c5 bxc5 38. bxc5 h4 39. Kd4 Nf3+ 40. Kd5 Rf6 41. Re6 Ng1 42. R2e3 Nxh3 43. Rxh3 Rxe6 44. Kxe6 Nxc5+ 45. Kd5 Nd7 46. Ke4 Nf6+ 47. Kf3 Kf7 48. Rh2 Ke6 49. Rb2 Nd7 50. Kg2 Kd5 51. Rd2+ Kc6 52. Rf2 Ne5 53. Kh3 Nd3 54. Rf5 Nf4+ 55. Kh2 Ne6 56. Rf6 Kd5 57. Rf5+ Kd4 58. Kg2 Nf4+ 59. Kf3 Ne6 60. Rf6 Nc5 61. Rg6 Nd3 62. Rxg5 Ne5+ 63. Kg2 a5 64. Kh3 a4 65. Kxh4 Nf3+ 66. Kh5 Nxg5 67. Kxg5 a3 68. Kf5 Kc3 69. g5 Kb2 70. g6 Kxa2 71. g7 Kb2 1/2-1/2

[Event "29. Klatovy C 2023"]
[Site "Klatovy"]
[Date "2023.07.04"]
[Round "4.2"]
[White "Chalus, Karel"]
[Black "Plasek, Zdenek"]
[Result "1-0"]
[ECO "B85"]
[WhiteElo "1975"]
[BlackElo "1914"]
[PlyCount "81"]
[EventDate "2023.07.01"]
[EventType "swiss"]
[EventRounds "9"]
[EventCountry "CZE"]
[TimeControl "120+30"]

1. e4 c5 2. Nf3 d6 3. d4 cxd4 4. Nxd4 Nf6 5. Nc3 a6 6. Be2 e6 7. O-O Be7 8. f4 Qc7 9. a4 O-O 10. Bf3 Nc6 11. Be3 Bd7 12. Nde2 Na5 13. b3 Rac8 14. Qe1 Nc6 15. Qf2 Nb4 16. Rac1 Bc6 17. Bb6 Qb8 18. Ng3 Nd7 19. Bd4 e5 20. Nf5 Bf6 21. fxe5 Nxe5 22. Bxe5 dxe5 23. Qb6 a5 24. Qxa5 Na6 25. Qb6 Bg5 26. Rcd1 g6 27. Nd6 Rcd8 28. Nc4 Nc7 29. Nxe5 Na8 30. Nxc6 Nxb6 31. Nxb8 Rxb8 32. a5 Rbc8 33. Nb5 Rc5 34. c4 Nc8 35. Rd7 Ne7 36. Rxb7 Nc6 37. a6 Ra8 38. a7 Be3+ 39. Kh1 Rxb5 40. cxb5 Rxa7 41. bxc6 1-0

[Event "29. Klatovy C 2023"]
[Site "Klatovy"]
[Date "2023.07.04"]
[Round "4.3"]
[White "Fiser, Jiri2"]
[Black "Turner, Radek"]
[Result "1/2-1/2"]
[ECO "C08"]
[WhiteElo "1784"]
[BlackElo "1991"]
[PlyCount "37"]
[EventDate "2023.07.01"]
[EventType "swiss"]
[EventRounds "9"]
[EventCountry "CZE"]
[TimeControl "120+30"]

1. e4 e6 2. d4 d5 3. Nd2 a6 4. Ngf3 c5 5. exd5 exd5 6. dxc5 Bxc5 7. Nb3 Bb6 8. Bd3 Nf6 9. O-O O-O 10. Bg5 h6 11. Bh4 Bg4 12. h3 Bh5 13. g4 Bg6 14. Ne5 Bxd3 15. Qxd3 Nc6 16. Nxc6 bxc6 17. Nd4 Bxd4 18. Qxd4 g5 19. Bg3 1/2-1/2

[Event "29. Klatovy C 2023"]
[Site "Klatovy"]
[Date "2023.07.04"]
[Round "4.4"]
[White "Baumruk, Josef"]
[Black "Novotny, Jaroslav2"]
[Result "1/2-1/2"]
[ECO "B20"]
[WhiteElo "1947"]
[BlackElo "1890"]
[PlyCount "30"]
[EventDate "2023.07.01"]
[EventType "swiss"]
[EventRounds "9"]
[EventCountry "CZE"]
[TimeControl "120+30"]

1. e4 c5 2. g3 Nc6 3. Bg2 Nf6 4. Ne2 g6 5. O-O Bg7 6. h3 O-O 7. Kh2 d5 8. exd5 Nxd5 9. Nbc3 Nxc3 10. Nxc3 Bd7 11. d3 Rc8 12. Be3 b6 13. Qd2 Nd4 14. Rae1 Bc6 15. f3 Qd7 1/2-1/2

[Event "29. Klatovy C 2023"]
[Site "Klatovy"]
[Date "2023.07.04"]
[Round "4.5"]
[White "Korsa, Jindrich"]
[Black "Skopec, Lubos"]
[Result "1-0"]
[ECO "B23"]
[WhiteElo "1997"]
[BlackElo "1824"]
[PlyCount "75"]
[EventDate "2023.07.01"]
[EventType "swiss"]
[EventRounds "9"]
[EventCountry "CZE"]
[TimeControl "120+30"]

1. e4 c5 2. Nc3 Nc6 3. g4 d6 4. Bg2 e6 5. d3 Be7 6. Nge2 Nd4 7. Ng3 Bd7 8. O-O Bc6 9. f4 Bh4 10. Nce2 Ne7 11. c3 Nxe2+ 12. Qxe2 Bxg3 13. hxg3 Qd7 14. Be3 Rc8 15. f5 f6 16. g5 exf5 17. gxf6 gxf6 18. exf5 Bxg2 19. Kxg2 Qc6+ 20. Kh3 Kd7 21. Rae1 Rce8 22. Qh5 Kd8 23. Bh6 Rhg8 24. c4 Rxg3+ 25. Kxg3 Rg8+ 26. Kf2 Qg2+ 27. Ke3 Nd5+ 28. cxd5 Re8+ 29. Kf4 Qd2+ 30. Kg3 Rg8+ 31. Kf3 Qg2+ 32. Ke3 Re8+ 33. Kf4 Qd2+ 34. Kf3 Qxd3+ 35. Kg2 Rg8+ 36. Kh1 Rg3 37. Kh2 Rg8 38. Qf3 1-0

[Event "29. Klatovy C 2023"]
[Site "Klatovy"]
[Date "2023.07.04"]
[Round "4.6"]
[White "Danko, Jiri"]
[Black "Havelka, Petr"]
[Result "1/2-1/2"]
[ECO "B01"]
[WhiteElo "1873"]
[BlackElo "1770"]
[PlyCount "64"]
[EventDate "2023.07.01"]
[EventType "swiss"]
[EventRounds "9"]
[EventCountry "CZE"]
[TimeControl "120+30"]

1. e4 d5 2. exd5 Nf6 3. d4 Nxd5 4. Bc4 e6 5. Nf3 Be7 6. O-O O-O 7. a3 b6 8. Bd3 Nf6 9. Qe2 Bb7 10. Rd1 Nbd7 11. Nc3 Re8 12. Ne5 Qc8 13. Bg5 c5 14. Bxf6 Nxf6 15. dxc5 Qxc5 16. Re1 Bd6 17. h3 Bxe5 18. Qxe5 Qxe5 19. Rxe5 Red8 20. Re2 Nd5 21. Nxd5 Bxd5 22. f3 g6 23. Kf2 Rac8 24. Ke3 Bc4 25. Bxc4 Rxc4 26. Rd2 Rxd2 27. Kxd2 Kf8 28. c3 Ke7 29. Ke3 h5 30. g3 f6 31. Rd1 Rc5 32. Rd4 Re5+ 1/2-1/2

[Event "29. Klatovy C 2023"]
[Site "Klatovy"]
[Date "2023.07.04"]
[Round "4.7"]
[White "Vachal, Josef"]
[Black "Petras, Milan"]
[Result "1/2-1/2"]
[ECO "E67"]
[WhiteElo "1762"]
[BlackElo "1866"]
[PlyCount "42"]
[EventDate "2023.07.01"]
[EventType "swiss"]
[EventRounds "9"]
[EventCountry "CZE"]
[TimeControl "120+30"]

1. d4 g6 2. Nf3 Bg7 3. c4 d6 4. Nc3 Nd7 5. g3 Ngf6 6. Bg2 O-O 7. O-O e5 8. Qc2 exd4 9. Nxd4 Re8 10. e3 a5 11. b3 Nc5 12. Bb2 Ne6 13. Nxe6 fxe6 14. Rad1 Qe7 15. Rd2 Rb8 16. e4 Bh6 17. Re2 e5 18. Bc1 Bxc1 19. Qxc1 Bd7 20. Rd1 b6 21. Rc2 Rbc8 1/2-1/2

[Event "29. Klatovy C 2023"]
[Site "Klatovy"]
[Date "2023.07.04"]
[Round "4.8"]
[White "Truksa, Vaclav"]
[Black "Sibl, Vaclav"]
[Result "1/2-1/2"]
[ECO "A41"]
[WhiteElo "1725"]
[BlackElo "1840"]
[PlyCount "55"]
[EventDate "2023.07.01"]
[EventType "swiss"]
[EventRounds "9"]
[EventCountry "CZE"]
[TimeControl "120+30"]

1. d4 d6 2. c4 e5 3. dxe5 dxe5 4. Qxd8+ Kxd8 5. e3 c6 6. Bd3 f6 7. Nc3 Be6 8. a3 a5 9. Nge2 Nd7 10. O-O Nc5 11. Rd1 Kc7 12. Bc2 Bxc4 13. Ng3 Bb3 14. Bxb3 Nxb3 15. Rb1 Nh6 16. e4 Nxc1 17. Rbxc1 Be7 18. Nd5+ Kd6 19. Nb6+ Ke6 20. Nxa8 Rxa8 21. Kf1 g6 22. h3 Nf7 23. f3 Rd8 24. Ne2 Rxd1+ 25. Rxd1 Nd6 26. Rc1 Nb5 27. Rc4 Nd6 28. Rc1 1/2-1/2

[Event "29. Klatovy C 2023"]
[Site "Klatovy"]
[Date "2023.07.05"]
[Round "5.1"]
[White "Turner, Radek"]
[Black "Chalus, Karel"]
[Result "1-0"]
[ECO "A21"]
[WhiteElo "1991"]
[BlackElo "1975"]
[PlyCount "77"]
[EventDate "2023.07.01"]
[EventType "swiss"]
[EventRounds "9"]
[EventCountry "CZE"]
[TimeControl "120+30"]

1. c4 c6 2. g3 d6 3. Bg2 e5 4. Nc3 f5 5. d4 Nf6 6. Nh3 Be7 7. e4 exd4 8. Qxd4 Qb6 9. Qd3 Na6 10. exf5 Nb4 11. Qe2 Bxf5 12. Be3 Qa6 13. O-O Bd3 14. Qd2 Qxc4 15. Rfc1 Bf5 16. Nd5 Qxc1+ 17. Rxc1 Nbxd5 18. Bxd5 Nxd5 19. Nf4 Nxe3 20. Qxe3 Kd7 21. Qb3 b6 22. Qc4 Rac8 23. Qf7 Rcf8 24. Qc4 Rc8 25. Qa4 Rc7 26. Nd5 b5 27. Qa5 Rhc8 28. Nxc7 Rxc7 29. a4 Bd3 30. Qc3 Bc4 31. Qxg7 a6 32. axb5 axb5 33. Re1 Kd8 34. Qh8+ Kd7 35. Qxh7 Kd8 36. Ra1 d5 37. Qf5 Rb7 38. Qe6 Bc5 39. Qxc6 1-0

[Event "29. Klatovy C 2023"]
[Site "Klatovy"]
[Date "2023.07.05"]
[Round "5.2"]
[White "Pribyl, Josef"]
[Black "Fiser, Jiri2"]
[Result "1-0"]
[ECO "A01"]
[WhiteElo "2230"]
[BlackElo "1784"]
[PlyCount "75"]
[EventDate "2023.07.01"]
[EventType "swiss"]
[EventRounds "9"]
[EventCountry "CZE"]
[TimeControl "120+30"]

1. b3 e5 2. Bb2 Nc6 3. e3 d6 4. c4 g6 5. g3 Bg7 6. Bg2 Bd7 7. h4 Nf6 8. Ne2 O-O 9. Nbc3 Re8 10. d3 h5 11. Qd2 Qc8 12. a3 a5 13. Rc1 Bh6 14. Qc2 Bg4 15. Ne4 Nxe4 16. dxe4 Bxe2 17. Qxe2 b6 18. Bh3 Qd8 19. Rd1 Qe7 20. g4 hxg4 21. Qxg4 Rf8 22. h5 g5 23. Qd7 Qxd7 24. Bxd7 Ne7 25. Ke2 f5 26. exf5 Nxf5 27. Rhg1 Ng7 28. Bc6 Rad8 29. b4 axb4 30. axb4 Kh8 31. Ra1 Rf7 32. Ra7 Rdf8 33. Rg2 Nxh5 34. Bd5 Rh7 35. Be4 Rhf7 36. Bg6 Nf4+ 37. exf4 gxf4 38. Bxf7 1-0

[Event "29. Klatovy C 2023"]
[Site "Klatovy"]
[Date "2023.07.05"]
[Round "5.4"]
[White "Sedlak, Ludek"]
[Black "Baumruk, Josef"]
[Result "1-0"]
[ECO "C02"]
[WhiteElo "1885"]
[BlackElo "1947"]
[PlyCount "115"]
[EventDate "2023.07.01"]
[EventType "swiss"]
[EventRounds "9"]
[EventCountry "CZE"]
[TimeControl "120+30"]

1. e4 e6 2. d4 d5 3. e5 c5 4. c3 Nc6 5. Nf3 Bd7 6. a3 c4 7. g3 Na5 8. Nbd2 Rc8 9. Bg2 Be7 10. O-O g5 11. h3 h5 12. Nh2 Bc6 13. f4 gxf4 14. gxf4 f5 15. exf6 Nxf6 16. Re1 Qd6 17. Ndf3 Nb3 18. Rb1 Nxc1 19. Qxc1 Rg8 20. Ne5 Rc7 21. Nhf3 Bf8 22. Ng5 Ne4 23. h4 Bh6 24. Bf3 Nxg5 25. fxg5 Bxg5 26. Bxh5+ Kd8 27. hxg5 Rh7 28. Qf4 Kc7 29. Rf1 Bd7 30. Be2 Rgh8 31. Ng6 Rh1+ 32. Kf2 e5 33. Qxe5 R1h2+ 34. Kf3 R8h3+ 35. Kf4 Rxe2 36. Qxd6+ Kxd6 37. Rbe1 Rxb2 38. Re3 Rxe3 39. Kxe3 Rc2 40. Ne5 Rxc3+ 41. Kf4 Be6 42. g6 Rxa3 43. Re1 b5 44. Nf7+ Kd7 45. Ne5+ Ke7 46. Nf3 Kf6 47. Ng5 Bf5 48. g7 Kxg7 49. Kxf5 c3 50. Re7+ Kf8 51. Kf6 Ra6+ 52. Ne6+ Rxe6+ 53. Rxe6 b4 54. Rc6 Ke8 55. Ke6 Kd8 56. Kxd5 a5 57. Kc4 Kd7 58. Rc5 1-0